 Dungeon Crawl Stone Soup version 0.29-a0-271-gd4eb659eea (webtiles) character file.

Game seed: 10571381643716405646

84 Colgate the Sneak (level 4, -1/21 HPs)
             Began as a Spriggan Enchanter on Mar 8, 2022.
             Was a Believer of Jiyva.
             Slain by an orc
             ... wielding a +0 flail
              (9 damage)
             ... on level 2 of the Dungeon.
             The game lasted 00:07:47 (1901 turns).

Colgate the Sneak (Spriggan Enchanter)              Turns: 1901, Time: 00:07:48

Health: -1/21      AC:  2    Str:  4    XL:     4   Next: 23%
Magic:  18/18      EV: 17    Int: 18    God:    Jiyva [**....]
Gold:   61         SH:  0    Dex: 15    Spells: 6/8 levels left

rFire   . . .      SeeInvis +   a - +1 dagger
rCold   . . .      Faith    .   (no shield)
rNeg    . . .      Spirit   .   f - +0 robe
rPois   .          Reflect  .   (helmet restricted)
rElec   .          Harm     .   (no cloak)
rCorr   +          Rampage  .   (gloves unavailable)
Will    .....                   (boots unavailable)
Stlth   +++.......              n - amulet of regeneration
HPRegen 1.83/turn               d - ring of magical power
MPRegen 0.46/turn               p - ring of wizardry

@: very quick
A: very small, no large weapons, unfitting armour, see invisible, speed 3
a: Renounce Religion


You were on level 2 of the Dungeon.
You worshipped Jiyva.
Jiyva was pleased with you.
You visited 1 branch of the dungeon, and saw 3 of its levels.

You collected 61 gold pieces.

Inventory:

Hand Weapons
 a - a +1 dagger (weapon)
 b - a +1 short sword of holy wrath
 o - a +0 hunting sling
Armour
 e - a +0 buckler
 f - a +0 robe (worn)
Jewellery
 d - a ring of magical power (left hand)
 n - an amulet of regeneration (around neck)
 p - a ring of wizardry (right hand)
Scrolls
 h - a scroll of identify {unknown}
 i - a scroll of magic mapping {unknown}
 m - a scroll of silence {unknown}
Potions
 c - 3 potions of invisibility
 g - a potion of resistance {unknown}
 j - 2 potions of berserk rage {unknown}
 k - a potion of curing {unknown}
 l - a potion of cancellation {unknown}


   Skills:
 - Level 1.1 Short Blades
 - Level 2.6 Dodging
 + Level 6.5 Stealth
 - Level 2.6 Spellcasting
 - Level 5.0 Hexes


You had 6 spell levels left.
You knew the following spells:

 Your Spells              Type           Power      Damage    Failure   Level
a - Ensorcelled Hibernat  Hex/Ice        22%        N/A       3%          2

Your spell library contained the following spells:

 Spells                   Type           Power      Damage    Failure   Level
 Confusing Touch          Hex            20%        N/A       2%          3
 Tukima's Dance           Hex            20%        N/A       2%          3
 Dazzling Flash           Conj/Hex       22%        N/A       8%          3


Dungeon Overview and Level Annotations

Branches:
Dungeon (3/15)

Altars:
Jiyva


Innate Abilities, Weirdness & Mutations

You are very small and have problems with some larger weapons.
You are too small for most types of armour.
You have supernaturally acute eyesight. (SInv)
You cover ground extremely quickly. (Speed+++)


Message History

The helpless orc fails to defend itself.
You impale the orc!!
You kill the orc!
You hear a distant slurping noise.
You hear a distant slurping noise.
Magic restored.
You hear a distant slurping noise.
You hear a slurping noise.
Things that are here:
a +0 club; a +0 hunting sling Done exploring.
You hear a slurping noise.
There is a stone staircase leading down here.
You climb downwards.
The orc barely misses you.
There is a stone staircase leading up here.
The orc barely misses you.
You climb upwards.
You hear a distant slurping noise.
There is a stone staircase leading down here.
The orc looks drowsy...
The helpless orc fails to defend itself.
You impale the orc!!
You kill the orc!
You hear a slurping noise.
Things that are here:
a +0 club; an orc corpse
There is a stone staircase leading down here.
Magic restored.
You climb downwards.
The orc hits you with a +0 hand axe! The orc hits you with a +0 flail.
The orc misses you. The orc closely misses you.
There is a stone staircase leading up, spattered with blood here.
The orc hits you with a +0 hand axe. The orc hits you with a +0 flail!
* * * LOW HITPOINT WARNING * * *
You climb upwards.
There is a stone staircase leading down here.
You hear a distant slurping noise. x2; You hear a squelching noise.
The orc attacks as you move away! The orc completely misses you.
The orc attacks as you move away! The orc hits you with a +0 flail!
You die...

#.........#....##..(....#
..........#....##..J....#
##........###+###.......##
##........# #............#
..........# ##...........#
..........# #...........#
.....†########...........#
#######
#.............########
#....@........##...)..
#....o................
#....o...#............
#........#............
#.....>..#............
#....).).#............
#........####.....####
######+### #.....#
#.######.....####


You could see 2 orcs and a neutral jelly (wandering)(fellow slime).

Vanquished Creatures
  Jessica (D:2)
  A worm (D:2)
  A dart slug (D:1)
  2 orcs (D:2)
  4 ball pythons
  An endoplasm (D:1)
  3 giant cockroaches (D:2)
  7 goblins
  4 hobgoblins (D:1)
  5 kobolds
  4 quokkas
  4 bats
  4 frilled lizards
  7 rats
48 creatures vanquished.

Vanquished Creatures (others)
  2 fungi (D:1)
  2 plants (D:1)
4 creatures vanquished.

Grand Total: 52 creatures vanquished

Notes
Turn   | Place    | Note
-------+----------+-------------------------------------------
     0 | D:1      | Colgate the Spriggan Enchanter began the quest for the Orb.
     0 | D:1      | Reached XP level 1. HP: 9/9 MP: 5/5
   387 | D:1      | Reached XP level 2. HP: 13/13 MP: 6/6
   414 | D:1      | Learned a level 2 spell: Ensorcelled Hibernation
   602 | D:1      | Found a faded altar of an unknown god.
   606 | D:1      | Prayed at the altar of an unknown god.
   606 | D:1      | Became a worshipper of Jiyva Jiovyq the Shapeless
   606 | D:1      | Reached * piety under Jiyva
  1070 | D:2      | Reached skill level 5 in Hexes
  1143 | D:2      | Reached XP level 3. HP: 16/16 MP: 8/8
  1165 | D:2      | Noticed Jessica
  1175 | D:2      | Killed Jessica
  1176 | D:2      | Reached skill level 5 in Stealth
  1368 | D:2      | Reached ** piety under Jiyva
  1587 | D:2      | Reached skill level 6 in Stealth
  1626 | D:2      | Reached XP level 4. HP: 19/21 MP: 9/9
  1895 | D:3      | HP: 1/21 [orc/+0 flail (8)]
  1901 | D:2      | Slain by an orc

Illustrated notes

Levels and vault maps discovered:
D:1:      tarquinn_simple_flora_water_d, layout_basic,
          hellmonk_ecumenical_altar_leap_of_faith, dreamdust_princess_bridge,
          patterned_corridor
D:2:      minmay_diamond_boxcup, layout_basic, uniq_jessica
D:3:      cheibrodos_thug_alley, layout_rooms, grunt_gozag_breadcrumbs,
          nicolae_shop_unique_rings, uniq_grinder, uniq_sigmund,
          uniq_crazy_yiuf_cottage

Skill      XL: |  1  2  3 |
---------------+----------+-----
Hexes          | 4 5 |  5.0
Stealth        | 6 |  6.5
Short Blades   | |  1.1
Dodging        | |  2.6
Spellcasting   | |  2.6

Action                   |  1- 3 |  4- 6 || total
-------------------------+-------+-------++-------
Melee: Dagger            |    53 |    10 ||    63
 Cast: Ensorcelled Hiber |    36 |     9 ||    45
 Stab: Sleeping          |    34 |    10 ||    44
Armor: Robe              |    10 |     1 ||    11
Dodge: Dodged            |    47 |    15 ||    62

Table legend: (Time is in decaauts)
 A = Elapsed time spent in this place.
 B = Non-inter-level travel time spent in this place.
 C = Inter-level travel time spent in this place.
 D = Time resting spent in this place.
 E = Time spent auto-exploring this place.
 F = Levels seen in this place.
 G = Mean time per level.
                   A        B        C        D        E       F      G
               +--------+--------+--------+--------+--------+-----+--------+
         Total |   1364 |   1326 |     38 |      0 |   1002 |   3 |  454.7 |
       Dungeon |   1364 |   1326 |     38 |      0 |   1002 |   3 |  454.7 |
               +--------+--------+--------+--------+--------+-----+--------+

Top non-repeatable levels by time:
     D:1: 765 daAuts
     D:2: 592 daAuts
     D:3: 6 daAuts
